 Dungeon Crawl Stone Soup version 0.20.1-1-g8b1a95d (webtiles) character file.

32 karf the Vexing (level 3, -1/29 HPs)
             Began as a Centaur Arcane Marksman on Oct 28, 2017.
             Slain by a worm (10 damage)
             ... on level 2 of the Dungeon.
             The game lasted 00:04:21 (1019 turns).

karf the Vexing (Centaur Arcane Marksman)           Turns: 1019, Time: 00:04:22

Health: -1/29      AC:  4    Str: 12    XL:     3   Next: 10%
Magic:  5/5        EV:  9    Int: 12    God:
Gold:   17         SH:  0    Dex: 10    Spells: 3/4 levels left

rFire    . . .     SeeInvis .   a - +0 hand crossbow
rCold    . . .     Gourm    .   (no shield)
rNeg     . . .     Faith    .   e - +0 robe
rPois    .         Spirit   .   (no helmet)
rElec    .         Reflect  .   (no cloak)
rCorr    .         Harm     .   (no gloves)
MR       .....                  (no barding)
Stlth    +.........             (no amulet)
Regen    0.1/turn               (no ring)
MPRegen  0.1/turn               (no ring)

@: very quick
A: hooves 3, deformed body, speed 2, tough skin 3
a: no special abilities


You were on level 2 of the Dungeon.
You were not hungry.

You visited 1 branch of the dungeon, and saw 2 of its levels.

You collected 17 gold pieces.

Inventory:

Hand Weapons
 a - a +0 hand crossbow (weapon)
Armour
 e - a +0 robe (worn)
Scrolls
 b - a scroll of noise {unknown}
 h - 2 scrolls of identify {unknown}
 i - a scroll of immolation {unknown}
 j - a scroll of random uselessness {unknown}
 l - a scroll of fog {unknown}
Potions
 g - a potion of might {unknown}
 k - a potion of curing {unknown}
Books
 c - a book of Debilitation

   Spells                             Type                      Level
   a - Corona                         Hexes                        1
   b - Slow                           Hexes                        2
   c - Inner Flame                    Hexes/Fire                   3
   d - Portal Projectile              Hexes/Translocation          3
   e - Cause Fear                     Hexes                        4
   f - Leda's Liquefaction            Hexes/Earth                  4
Comestibles
 f - a bread ration


   Skills:
 + Level 1.7 Fighting
 * Level 2.7 Crossbows
 - Level 1.3 Dodging
 + Level 1.3 Spellcasting
 + Level 3.0 Hexes


You had 3 spell levels left.
You knew the following spells:

 Your Spells              Type           Power        Failure   Level  Hunger
a - Corona                Hex            #......      9%          1    ##.....


Dungeon Overview and Level Annotations

Branches:
Dungeon (2/15)

Altars:


Innate Abilities, Weirdness & Mutations

You have hooves in place of feet.
Armour fits poorly on your strangely shaped body.
You cover ground very quickly.
You have extremely tough skin. (AC +3)


Message History

You shoot a bolt. The bolt barely misses the jackal.
The bolt hits the frilled lizard.
You kill the frilled lizard!
The jackal barely misses you.
The jackal bites you but does no damage.
The worm bites you!
Firing (i - inventory):
d - 2 bolts (quivered)
Press: ? - help, Shift-Dir - straight line, f/p - jackal
Aim: a jackal You shoot a bolt.
The bolt closely misses the jackal.
The bolt hits the rat!
You kill the rat!
The jackal closely misses you. The jackal barely misses you.
Firing (i - inventory):
d - a bolt (quivered)
Press: ? - help, Shift-Dir - straight line, f/p - jackal
Aim: a jackal You shoot a bolt.
The bolt barely misses the jackal.
The jackal misses you. The worm closely misses you.
The jackal closely misses you.
Really attack while wielding your +0 hand crossbow?
You barely miss the jackal. The jackal barely misses you. The worm bites you!
You die...

....####..... #.#.
#.....(#...... .###.#.
#......#...... ....#.
#......#......
#....##..>..........
#+#.........♣...♣.....
....... #.....(.......
.......##.....<.......
#w@h(....(...[...
#####....♣......#
####........#
##########


You could see a worm and a jackal.

Vanquished Creatures
  2 ball pythons (D:1)
  5 bats (D:1)
  3 giant cockroaches (D:1)
  4 hobgoblins (D:1)
  3 jackals
  2 kobolds (D:1)
  2 frilled lizards
  5 goblins (D:1)
  2 rats
28 creatures vanquished.

Notes
Turn   | Place    | Note
-------+----------+-------------------------------------------
     0 | D:1      | karf the Centaur Arcane Marksman began the quest for the Orb.
     0 | D:1      | Reached XP level 1. HP: 16/16 MP: 2/2
   242 | D:1      | Reached XP level 2. HP: 22/23 MP: 3/3
   469 | D:1      | Reached skill level 3 in Hexes
   958 | D:1      | Reached XP level 3. HP: 28/28 MP: 3/5
  1019 | D:2      | Slain by a worm

Skill      XL: |  1  2 |
---------------+-------+-----
Hexes          | 3 |  3.0
Fighting       | |  1.7
Crossbows      | |  2.7
Dodging        | |  1.3
Spellcasting   | |  1.3

Action                   || total
-------------------------++-------
Melee: Hand crossbow     ||     1
 Fire: Hand crossbow     ||    83
Armor: Robe              ||    31
Dodge: Dodged            ||    38
